 Dungeon Crawl Stone Soup version 0.29-a0-648-g6b26cc9f40 (webtiles) character file.

Game seed: 4695999644812693798

30870 Johnny the Bludgeoner (level 13, -3/208 HPs)
             Began as a Troll Berserker on June 20, 2022.
             Was a Priest of Trog.
             Slain by a sun demon (7 damage)
             ... in a volcano.
             The game lasted 00:19:20 (13107 turns).

Johnny the Bludgeoner (Troll Berserker)            Turns: 13107, Time: 00:19:20

Health: -3/208     AC: 10    Str: 32    XL:     13   Next: 22%
Magic:  12/12      EV: 13    Int:  3    God:    Trog [***...]
Gold:   346        SH:  0    Dex:  9    Spells: 12/12 levels left

rFire   + . .      SeeInvis +   j - +0 morningstar
rCold   . . .      Faith    .   (no shield)
rNeg    . . .      Spirit   .   K - +3 troll leather armour
rPois   .          Reflect  .   f - +0 mask of the Dragon {Will+ Slay+3 SInv}
rElec   .          Harm     .   a - +0 cloak
rCorr   .          Rampage  .   (gloves unavailable)
Will    +++..                   (boots unavailable)
Stlth   ..........              s - amulet of regeneration
HPRegen 3.84/turn               t - +4 ring of evasion
MPRegen 0.13/turn               n - ring of protection from fire

@: berserking (expiring), strong-willed, regenerating, very quick
A: large, unfitting armour, claws 3, regeneration 1, shaggy fur 1, tough skin 1
a: Renounce Religion, Berserk, Trog's Hand


You were in a volcano.
You worshipped Trog.
Trog was most pleased with you.
You visited 4 branches of the dungeon, and saw 17 of its levels.
You also visited: Bailey and Volcano.

You collected 939 gold pieces.
You spent 593 gold pieces at shops.

Inventory:

Hand Weapons
 j - a +0 morningstar (weapon)
 E - a +0 giant spiked club
 L - a +0 giant club
 Q - a +0 dire flail
Armour
 a - a +0 cloak (worn)
 f - the +0 mask of the Dragon (worn) {Will+ Slay+3 SInv}
   (You bought it in a shop on level 5 of the Dungeon)

   Slay:      It affects your accuracy & damage with ranged weapons and melee
   (+3).
   SInv:      It lets you see invisible.
   Will:      It increases your willpower.
 K - a +3 troll leather armour (worn)
Jewellery
 l - a +6 ring of intelligence
 n - a ring of protection from fire (right claw)
 s - an amulet of regeneration (around neck)
 t - a +4 ring of evasion (left claw)
 x - an amulet of the acrobat
 F - a ring of willpower
 N - a ring of resist corrosion
 R - a ring of see invisible
Wands
 J - a wand of polymorph (5)
 M - a wand of flame (8)
 O - a wand of iceblast (4)
 S - a wand of digging (8)
Scrolls
 b - a scroll of vulnerability
 e - 3 scrolls of teleportation
 h - a scroll of silence
 i - 3 scrolls of poison
 o - 5 scrolls of immolation
 q - 3 scrolls of enchant weapon
 r - a scroll of enchant armour
 u - 3 scrolls of fear
 w - 4 scrolls of identify
 C - a scroll of magic mapping
 D - 2 scrolls of blinking
 G - 4 scrolls of amnesia
 H - a scroll of noise
 I - 3 scrolls of fog
Potions
 c - 4 potions of attraction
 d - 7 potions of curing
 g - 3 potions of mutation
 k - a potion of brilliance
 m - 2 potions of might
 p - a potion of lignification
 v - 6 potions of heal wounds
 z - a potion of degeneration
 A - 2 potions of flight
 B - 2 potions of magic
 P - a potion of resistance
 T - a potion of cancellation
Miscellaneous
 y - a phial of floods


   Skills:
 + Level 11.6 Fighting
 * Level 17.3 Maces & Flails
 - Level 2.4 Dodging


You had 12 spell levels left.
You didn't know any spells.
Your spell library contained the following spells:

 Spells                   Type           Power      Damage    Failure   Level
 Necrotize                Necr           0%         1d4       56%         1
 Sublimation of Blood     Necr           0%         N/A       71%         2
 Gell's Gravitas          Tloc           0%         N/A       90%         3
 Summon Guardian Golem    Hex/Summ       0%         N/A       90%         3
 Teleport Other           Tloc           0%         N/A       90%         3
 Vampiric Draining        Necr           0%         2d6       90%         3
 Petrify                  Tmut/Erth      0%         N/A       100%        4
 Summon Ice Beast         Ice/Summ       0%         N/A       100%        4
 Agony                    Necr           0%         N/A       100%        5
 Irradiate                Conj/Tmut      0%         3d13      100%        5
 Summon Mana Viper        Hex/Summ       0%         N/A       100%        5
 Dispersal                Tloc           0%         N/A       100%        6
 Monstrous Menagerie      Summ           0%         N/A       100%        7
 Orb of Destruction       Conj           0%         9d5       100%        7
 Spellforged Servitor     Conj/Summ      0%         N/A       100%        7


Dungeon Overview and Level Annotations

Branches:
Dungeon (14/15)            Temple (1/1) D:6            Lair (1/6) D:11
    Orc (1/2) D:9          Vaults (0/5) D:13         Bailey (visited)
Volcano (1/1)

Altars:
Ashenzari
Cheibriados
Dithmenos
Elyvilon
Fedhas
Gozag
Hepliaklqana
Kikubaaqudgha
Makhleb
Nemelex Xobeh
Okawaru
Qazlal
Ru
Sif Muna
Trog
Uskayaw
Vehumet
Wu Jian
Xom
Yredelemnul
Zin
The Shining One

Shops:
D:3 *   D:5 [   D:6 *!(*[

Portals:
Trove: D:11 (give +6 demon whip)

Annotations:
D:11 exclusion: ice statue
D:13 exclusion: orange crystal statue


Innate Abilities, Weirdness & Mutations

You are too large for most types of armour.
You have claws for hands.
Your natural rate of healing is unusually fast.
You are covered in fur. (AC +1)
You have tough skin. (AC +1)


Message History

You are too injured to fight recklessly!
You are too injured to fight recklessly!
You are too injured to fight recklessly!
You are too injured to fight recklessly!
You are too injured to fight recklessly!
You are too injured to fight recklessly!
You are too injured to fight recklessly!
You are too injured to fight recklessly!
You are too injured to fight recklessly!
You are too injured to fight recklessly!
You are too injured to fight recklessly!
You barely miss the sun demon.
The sun demon is almost dead.
You bludgeon the sun demon!!
You kill the sun demon!
Trog accepts your kill. The sun demon hits you!
You are engulfed in flames!
You resist.
You barely miss the sun demon. The sun demon hits you!!
* * * LOW HITPOINT WARNING * * *
You are engulfed in flames.
You resist.
* * * LOW HITPOINT WARNING * * *
You impale the sun demon!!
The sun demon is moderately wounded.
You hit the sun demon.
The sun demon is heavily wounded.
The sun demon barely misses you.
You completely miss the sun demon.
The sun demon is heavily wounded.
You miss the sun demon.
The sun demon is heavily wounded.
The sun demon hits you!!
* * * LOW HITPOINT WARNING * * *
You are engulfed in flames!
You resist.
* * * LOW HITPOINT WARNING * * *
You barely miss the sun demon.
The sun demon is heavily wounded.
The sun demon hits you!
* * * LOW HITPOINT WARNING * * *
You are engulfed in flames!
You resist.
You die...

##..#.≈....#####.........
#..#.#...## #.........
#...§##### ##....##..
#..§§# ########. ##..§#
## #..§## # ##.§.## #
#..§.########
##§§.@..8..8#
##§§.3.....+ ##........+
##...8..8# #########


You could see a sun demon.

Vanquished Creatures
  Jorgrun (D:13)
  Kirke (D:12)
  Snorg (D:10)
  A hydra (D:13)
  A boulder beetle (D:11)
  A centaur warrior (D:13)
  4 two-headed ogres
  2 death yaks (D:11)
  Nergalle (Orc:1)
  A shock serpent (shapeshifter) (D:13)
  3 sun demons (Volcano)
  A bog body (D:11)
  A deep elf pyromancer (D:13)
  An orc knight (Bailey)
  4 ugly things (D:14)
  4 manticores
  2 black mambas (Lair:1)
  A smoke demon (Volcano)
  3 rime drakes (D:11)
  A komodo dragon (shapeshifter) (D:14)
  Psyche (D:8)
  A kobold demonologist (D:11)
  An ice devil (D:11)
  An efreet (D:13)
  A troll (Orc:1)
  Prince Ribbit (D:7)
  A culicivora (shapeshifter) (D:14)
  A vampire (D:10)
  A wyvern (D:9)
  2 shadows
  6 yaks (D:9)
  A basilisk (D:8)
  A wraith (D:11)
  2 death yak simulacra (D:11)
  8 steam dragons
  Menkaure (D:4)
  Grum (D:8)
  3 wargs (Orc:1)
  An acid dragon (D:12)
  A swamp worm (shapeshifter) (D:13)
  6 hell hounds
  An ice beast (shapeshifter) (D:13)
  2 sky beasts (D:6)
  3 ice beasts
  12 orc warriors
  A swamp drake (Bailey)
  2 ogres
  5 wolves
  4 centaurs
  2 phantoms
  4 kobold brigands
  2 necrophages
  3 bullfrogs
  2 gnoll sergeants
  A scorpion (D:5)
  3 elephant simulacra (D:11)
  4 killer bees (D:8)
  An oklob sapling (D:6)
  9 howler monkeys
  3 electric eels (D:9)
  2 jellies
  4 hounds
  Crazy Yiuf (D:7)
  7 orc priests
  9 orc wizards
  2 iguanas
  A troll simulacrum (D:11)
  15 gnolls
  5 adders
  2 naga simulacra (D:11)
  A shadow imp (D:6)
  A white imp (D:11)
  An ufetubus (D:5)
  4 worms
  4 dart slugs
  59 orcs
  5 ball pythons
  8 bats
  7 endoplasms
  3 giant cockroaches
  9 goblins
  11 hobgoblins
  8 jackals
  2 quokkas
  7 frilled lizards
  26 kobolds
  6 rats
351 creatures vanquished.

Vanquished Creatures (others)
  3 fungi (D:7)
  11 plants
14 creatures vanquished.

Grand Total: 365 creatures vanquished

Notes
Turn   | Place    | Note
-------+----------+-------------------------------------------
     0 | D:1      | Johnny the Troll Berserker began the quest for the Orb.
     0 | D:1      | Reached XP level 1. HP: 22/22 MP: 0/0
    93 | D:1      | Reached skill level 3 in Maces & Flails
   201 | D:1      | Reached XP level 2. HP: 29/29 MP: 1/1
   568 | D:1      | Found a faded altar of an unknown god.
   756 | D:1      | Reached XP level 3. HP: 36/36 MP: 2/2
  1115 | D:2      | Reached ** piety under Trog
  1471 | D:2      | Reached skill level 4 in Maces & Flails
  1471 | D:2      | Reached XP level 4. HP: 25/45 MP: 3/3
  2171 | D:3      | Found a stormy altar of Qazlal.
  2172 | D:3      | Found a hazy altar of Hepliaklqana.
  2587 | D:3      | Found a sacrificial altar of Ru.
  2595 | D:3      | Reached XP level 5. HP: 53/53 MP: 4/4
  2752 | D:3      | Found Puculim's General Store.
  2760 | D:3      | Bought a potion of curing for 33 gold pieces
  2927 | D:4      | Noticed Menkaure
  2933 | D:4      | Killed Menkaure
  2934 | D:4      | Reached skill level 5 in Maces & Flails
  2934 | D:4      | Reached XP level 6. HP: 62/62 MP: 5/5
  3074 | D:4      | Found a sparkling altar of Nemelex Xobeh.
  3327 | D:5      | Entered Level 5 of the Dungeon
  3328 | D:5      | Noticed an ice beast
  3337 | D:5      | Killed an ice beast
  3380 | D:5      | Found Rom Nox's Armour Boutique.
  3524 | D:5      | Reached skill level 6 in Maces & Flails
  3643 | D:5      | Reached XP level 7. HP: 69/70 MP: 6/6
  3952 | D:6      | Found a staircase to the Ecumenical Temple.
  4096 | D:6      | Found Fuufieca's Assorted Antiques.
  4106 | D:6      | Bought a scroll of identify for 34 gold pieces
  4106 | D:6      | Bought a scroll of fear for 59 gold pieces
  4124 | D:6      | Reached skill level 7 in Maces & Flails
  4165 | D:6      | Reached skill level 5 in Fighting
  4165 | D:6      | Reached XP level 8. HP: 80/80 MP: 7/7
  4213 | D:6      | Found a white marble altar of Elyvilon.
  4440 | D:6      | Found Fotesch's Antique Armour Shoppe.
  4440 | D:6      | Found Qiusy's Assorted Antiques.
  4616 | D:6      | Found Mugoy's Distillery.
  4656 | D:6      | Found Mielisil's Weapon Emporium.
  4911 | D:7      | Found an opulent altar of Gozag.
  4976 | D:7      | Reached skill level 8 in Maces & Flails
  4990 | D:7      | Found a flagged portal.
  4999 | Bailey   | Entered a bailey
  5367 | Bailey   | Reached skill level 9 in Maces & Flails
  5418 | Bailey   | Noticed an orc knight
  5435 | Bailey   | Killed an orc knight
  5436 | Bailey   | Reached XP level 9. HP: 89/89 MP: 8/8
  5445 | Bailey   | Reached skill level 12 in Maces & Flails
  5445 | Bailey   | Reached XP level 10. HP: 106/106 MP: 9/9
  5532 | D:7      | Found a runed translucent door.
  5533 | D:7      | Noticed Crazy Yiuf
  5650 | D:7      | Noticed Prince Ribbit
  5690 | D:7      | Killed Prince Ribbit
  5834 | D:7      | Reached skill level 13 in Maces & Flails
  5959 | D:7      | Killed Crazy Yiuf
  6461 | D:8      | Reached *** piety under Trog
  6511 | D:8      | Noticed Psyche
  6520 | D:8      | Killed Psyche
  6588 | D:8      | Noticed Grum
  6606 | D:8      | Killed Grum
  6857 | D:8      | Found a blossoming altar of Fedhas.
  7715 | D:9      | Noticed a two-headed ogre
  7723 | D:9      | Killed a two-headed ogre
  7819 | D:9      | Reached XP level 11. HP: 114/115 MP: 10/10
  8056 | D:9      | Reached skill level 14 in Maces & Flails
  8575 | D:9      | Found a staircase to the Orcish Mines.
  8588 | Orc:1    | Entered Level 1 of the Orcish Mines
  8604 | Orc:1    | Noticed Nergalle
  8634 | Orc:1    | Killed Nergalle
  9185 | D:5      | Bought the +0 mask of the Dragon {Will+ Slay+3 SInv} for
                  | 467 gold pieces
  9185 | D:5      | Found the +0 mask of the Dragon {Will+ Slay+3 SInv}
  9301 | Temple   | Entered the Ecumenical Temple
  9415 | D:9      | Identified the +1 leather armour of Huj Waasch {rElec MP+9}
  9429 | D:10     | Entered Level 10 of the Dungeon
  9464 | D:10     | Found a radiant altar of Vehumet.
  9540 | D:10     | Noticed Snorg
  9557 | D:10     | Killed Snorg
  9635 | D:10     | Noticed an angel
  9636 | D:10     | Found a glowing silver altar of Zin.
  9816 | D:11     | Found a portal to a secret trove of treasure.
  9823 | D:11     | Reached **** piety under Trog
  9864 | D:11     | Noticed a soul eater
 10062 | D:11     | Noticed a two-headed ogre
 10066 | D:11     | Killed a two-headed ogre
 10067 | D:11     | Reached skill level 10 in Fighting
 10102 | D:11     | Noticed a boulder beetle
 10112 | D:11     | Killed a boulder beetle
 10113 | D:11     | Reached skill level 15 in Maces & Flails
 10347 | D:11     | Found a staircase to the Lair.
 10499 | D:11     | Reached XP level 12. HP: 126/126 MP: 11/11
 10527 | D:11     | Noticed a death yak
 10633 | D:11     | Noticed a death yak
 10646 | D:11     | Killed a death yak
 10716 | D:11     | Killed a death yak
 10986 | D:12     | Noticed a two-headed ogre
 10996 | D:12     | Killed a two-headed ogre
 11272 | D:12     | Noticed Kirke
 11282 | D:12     | Killed Kirke
 11417 | D:12     | Identified the +2 pair of gloves of Hesson {Will+}
 11478 | D:12     | Reached skill level 16 in Maces & Flails
 11538 | D:12     | Noticed a two-headed ogre
 11545 | D:12     | Killed a two-headed ogre
 12036 | D:13     | Noticed a centaur warrior
 12041 | D:13     | Killed a centaur warrior
 12116 | D:13     | Noticed a tengu warrior
 12499 | D:13     | Noticed a five-headed hydra
 12515 | D:13     | Killed a five-headed hydra
 12603 | D:13     | Noticed Jorgrun
 12621 | D:13     | Killed Jorgrun
 12694 | D:13     | Found a gate to the Vaults.
 12717 | D:13     | Reached XP level 13. HP: 110/137 MP: 12/12
 12802 | Lair:1   | Entered Level 1 of the Lair of Beasts
 12826 | Lair:1   | Reached skill level 17 in Maces & Flails
 12881 | Lair:1   | Found a dark tunnel.
 12893 | Volcano  | Entered a volcano
 13107 | Volcano  | HP: 4/208 [sun demon (15)]
 13107 | Volcano  | Slain by a sun demon

Illustrated notes

Levels and vault maps discovered:
D:1:      lightli_molten_gateway, layout_basic, serial_forest,
          infiniplex_forest_lined_room_, infiniplex_forest_clump_double,
          infiniplex_forest_clump_small, infiniplex_forest_straight_4,
          infiniplex_forest_straight_2, infiniplex_forest_zigzag_2,
          infiniplex_forest_clump_medium,
          hellmonk_ecumenical_altar_inner_sanctum
D:2:      layout_loops_corners
D:3:      layout_basic, nicolae_ru_great_annihilating_truth,
          nicolae_overflow_squiral, serial_shops, nicolae_shop_trees
D:4:      layout_rooms, nemelex_diamond_rough_becter, minmay_misc_feat_encased,
          uniq_menkaure
D:5:      layout_basic, serial_shops, nicolae_stop_n_shop_1,
          hangedman_minor_gate_pass
D:6:      corexii_shack_village, layout_basic, elyvilon_altar_3,
          minmay_temple_entry_oklob, serial_shops,
          nicolae_shop_temple_entry_statues_fountains, shop,
          nicolae_shop_crystal, shop, nicolae_diamond_shop,
          minmay_misc_feat_roman, chequers_serial_rivers_micro_c
D:7:      layout_gridville, grunt_gozag_statues, enter_bailey_2,
          uniq_crazy_yiuf_cottage, uniq_prince_ribbit1
D:8:      layout_basic, marbit_many_paths, uniq_grum, uniq_psyche
D:9:      layout_basic, erik_orc_2, serial_bayou_pond_e,
          nicolae_straight_to_the_point
D:10:     layout_rooms, zin_angel, mainiacjoe_overflow_six_doors_small,
          uniq_snorg
D:11:     dreamdust_isle_of_ice, layout_irregular_city, dpeg_oklobed_lair,
          nicolae_trove_entry_crossroad
D:12:     layout_stronghold, uniq_kirke
D:13:     layout_basic, david_vaults_2, minmay_protected_statue, uniq_jorgrun
D:14:     layout_long_grid, dreamdust_princess_corridor
Temple:   cyrus_circular_temple
Lair:1:   layout_chaotic_city, enter_volcano_3, lemuel_fruit_tree,
          infiniplex_staircase_pool_2
Orc:1:    layout_diamond_mine, uniq_nergalle, uniq_sonja
Volcano:  hellmonk_smoking_crater

Skill      XL: |  1  2  3  4  5  6  7  8  9 10 11 12 13 |
---------------+----------------------------------------+-----
Maces & Flails | 3 4 5 6 7 9 12 13 15 16 17 | 17.3
Fighting       | 3 4 5 6 8 9 10 11 | 11.6
Dodging        | |  2.4

Action                   |  1- 3 |  4- 6 |  7- 9 | 10-12 | 13-15 || total
-------------------------+-------+-------+-------+-------+-------++-------
Melee: Mace              |   131 |   152 |    31 |       |       ||   314
       Punch             |     2 |     3 |     2 |     9 |     1 ||    17
       Morningstar       |       |       |   159 |   726 |    99 ||   984
Throw: Throwing net      |       |     2 |     1 |     1 |       ||     4
Invok: Berserk           |     1 |     5 |    12 |    28 |     2 ||    48
       Trog's Hand       |       |     2 |     5 |    11 |     3 ||    21
Evoke: Wand              |       |     1 |     6 |    28 |       ||    35
       Phial of floods   |       |       |     1 |       |       ||     1
  Use: Scroll            |       |     1 |    14 |    13 |     3 ||    31
       Potion            |       |     1 |     4 |     1 |       ||     6
 Stab: Paralysed         |       |     1 |       |     2 |       ||     3
       Distracted        |       |       |     1 |       |       ||     1
       Invisible         |       |       |     2 |     1 |       ||     3
       Held in net/web   |       |       |       |     1 |       ||     1
Armor: Animal skin       |    46 |    48 |    36 |    18 |       ||   148
       Steam dragon scal |       |       |       |    73 |       ||    73
       Troll leather arm |       |       |       |    72 |    34 ||   106
Dodge: Dodged            |    79 |   116 |   176 |   335 |    47 ||   753

Table legend: (Time is in decaauts)
 A = Elapsed time spent in this place.
 B = Non-inter-level travel time spent in this place.
 C = Inter-level travel time spent in this place.
 D = Time resting spent in this place.
 E = Time spent auto-exploring this place.
 F = Levels seen in this place.
 G = Mean time per level.
                   A        B        C        D        E       F      G
               +--------+--------+--------+--------+--------+-----+--------+
         Total |  13435 |  12759 |    676 |   1594 |   8087 |  19 |  707.1 |
       Dungeon |  12079 |  11469 |    610 |   1215 |   7606 |  14 |  862.8 |
        Temple |     55 |     45 |     10 |      0 |     38 |   1 |   55.0 |
          Lair |     84 |     84 |      0 |      0 |      0 |   1 |   84.0 |
  Orcish Mines |    516 |    460 |     56 |     43 |    340 |   1 |  516.0 |
        Bailey |    506 |    506 |      0 |    307 |      0 |   1 |  506.0 |
       Volcano |    192 |    192 |      0 |     28 |    103 |   1 |  192.0 |
               +--------+--------+--------+--------+--------+-----+--------+

Top non-repeatable levels by time:
    D:11: 1279 daAuts
     D:6: 1277 daAuts
     D:9: 1250 daAuts
    D:12: 1078 daAuts
     D:2: 1031 daAuts
     D:8: 1028 daAuts
     D:3: 972 daAuts
     D:5: 927 daAuts
     D:1: 868 daAuts
     D:7: 729 daAuts
     D:4: 522 daAuts
   Orc:1: 516 daAuts
  Bailey: 506 daAuts
    D:13: 409 daAuts
    D:10: 381 daAuts
